 Dungeon Crawl Stone Soup version 0.30-a0-782-ge64f9170bb (webtiles) character file.

Game seed: 201564597518369624

15 theswoord the Twirler (level 2, -3/17 HPs)
             Began as a Gargoyle Gladiator on Mar 17, 2023.
             Slain by a gnoll
             ... wielding a +0 club
              (4 damage)
             ... on level 2 of the Dungeon.
             The game lasted 00:00:36 (757 turns).

theswoord the Twirler (Gargoyle Gladiator)           Turns: 757, Time: 00:00:36

Health: -3/17      AC: 11    Str: 17    XL:     2   Next: 50%
Magic:  2/2        EV:  7    Int:  8    God:
Gold:   67         SH:  0    Dex: 11    Spells: 1/1 levels left

rFire   . . .      SeeInvis .    a - +0 quarterstaff
rCold   . . .      Faith    .    (shield currently unavailable)
rNeg    + . .      Spirit   .    h - +0 chain mail
rPois   ∞          Reflect  .    c - +0 helmet
rElec   +          Harm     .    (no cloak)
rCorr   .          Rampage  .    (no gloves)
Will    .....                    (no boots) Stlth
                                 (no amulet)
HPRegen 0.22/turn                (no ring)
MPRegen 0.08/turn                (no ring)

@: no status effects
A: sickness immunity, AC +2, negative energy resistance 1, electricity
resistance, torment resistance 1, petrification resistance
a: no special abilities


You were on level 2 of the Dungeon.
You visited 1 branch of the dungeon, and saw 2 of its levels.

You collected 67 gold pieces.

Inventory:

Hand Weapons
 a - a +0 quarterstaff (weapon)
Missiles
 d - 3 throwing nets (quivered)
 e - a javelin
Armour
 b - a +0 leather armour
 c - a +0 helmet (worn)
 h - a +0 chain mail (worn)
Scrolls
 g - 2 scrolls of teleportation {unknown}
 j - a scroll of noise {unknown}
Potions
 f - a potion of heal wounds {unknown}
 i - a potion of brilliance {unknown}
 k - a potion of lignification {unknown}


   Skills:
 - Level 2.1 Fighting
 + Level 3.8 Staves
 - Level 1.7 Throwing
 - Level 2.4 Dodging


You had one spell level left.
You didn't know any spells.
Your spell library was empty.

Dungeon Overview and Level Annotations

Branches:
Dungeon (2/15)

Altars:
Xom


Innate Abilities, Weirdness & Mutations

You are immune to sickness and miasma.
Your stone body is resilient. (AC +2)
You are immune to poison.
You resist negative energy. (rN+)
You are resistant to electric shocks. (rElec)
You are resistant to unholy torment.
You are immune to petrification.


Message History

Found 15 gold pieces and a scroll labelled GEUDAU NYRE.
There is a stone staircase leading up here.
You now have 61 gold pieces (gained 9).
j - a scroll labelled GEUDAU NYRE
g - 2 scrolls labelled BOMINAJAMU (gained 1)
Found a book of Fire.
k - a fizzy white potion You now have 67 gold pieces (gained 6).
A hobgoblin comes into view.
A hobgoblin is nearby!
A hobgoblin is nearby!
Found a shimmering altar of Xom.
No target in view!
No target in view!
No target in view!
No target in view! 2 gnolls come into view.
The gnoll shouts!
The gnoll moves out of view.
The hobgoblin hits you but does no damage.
You hit the hobgoblin.
You kill the hobgoblin!
A gnoll comes into view. It is wielding a +0 halberd.
The gnoll shouts!
You hear a shout!
The gnoll hits you with a +0 club.
You hit the gnoll but do no damage.
A gnoll comes into view. It is wielding a +0 flail.
The gnoll hits you with a +0 club.
The gnoll hits you from afar with a +0 spear.
You barely miss the gnoll. The gnoll hits you but does no damage.
The gnoll barely misses you.
You barely miss the gnoll.
The gnoll hits you from afar with a +0 halberd.
* * * LOW HITPOINT WARNING * * *
The gnoll hits you but does no damage. The gnoll barely misses you.
You sock the gnoll! The gnoll hits you but does no damage.
The gnoll hits you from afar with a +0 halberd.
* * * LOW HITPOINT WARNING * * *
The gnoll hits you with a +0 club.
You die...

# #. ##. #.##. ...###
###.. # #.... .....
..#.. #. ####.
#.#.###.##.# #.#####.
.###.......##.# #.......
........#..##.#####.####
.......†#..##..#.......#
..._...@.........<..##.#
......g................#
.....gg...#.##.##.#.....
#....g#####.##.##.#.####
#..... #.#..##.#.#
###.## #.#.###.#.# ...
#.....#.#.# .#
#.......#.# #.....###.#


You could see 4 gnolls.

Vanquished Creatures
  3 endoplasms (D:1)
  A goblin (D:1)
  3 hobgoblins
  A quokka (D:1)
  2 frilled lizards (D:1)
  A kobold (D:1)
  3 rats (D:1)
14 creatures vanquished.

Notes
Turn   | Place    | Note
-------+----------+-------------------------------------------
     0 | D:1      | theswoord the Gargoyle Gladiator began the quest for the
                  | Orb.
     0 | D:1      | Reached XP level 1. HP: 12/12 MP: 1/1
   191 | D:1      | Reached XP level 2. HP: 9/17 MP: 2/2
   748 | D:2      | Found a shimmering altar of Xom.
   757 | D:2      | Slain by a gnoll

Action                     || total
---------------------------++-------
  Melee: Quarterstaff      ||    28
 Armour: Leather armour    ||     6
         Chain mail        ||     5
  Dodge: Dodged            ||    12

Levels and vault maps discovered:
D:1:      saegor_arrival_simple_b, layout_loops_ring
D:2:      layout_loops_cross, basic_altar, minmay_misc_feat_pillars,
          kennysheep_generic_room_11
